3L
CHARLESTON BATTERY @ KINGSTON TOWNSHIP KNIGHTS
09/02/2034
 
TOP OF THE 1ST
Charleston Battery batting - Pitching for Kingston Township Knights : RHP Manny Castro
Pitching: RHP Manny Castro
Batting: LHB Joey Coco 0-0: Ball
1-0: Called Strike
1-1: Reached on error, E5 (Groundball, 56)
Batting: LHB Datu Lesaca 0-0: Ball
1-0: Foul Ball, location: 2F
1-1: Called Strike
1-2: Ball
2-2: Foul Ball, location: 2F
2-2: Fielders Choice at 2nd, 5-4 (Groundball, 5)
Batting: SHB Jasper Morrison 0-0: Called Strike
0-1: Ball
1-1: Ball
2-1: Fly out, F5 (Popup, 56S)
Batting: LHB Spencer Powell 0-0: Ball
Datu Lesaca is caught stealing 2nd base
Top of the 1st over - 0 runs, 0 hits, 1 error, 0 left on base; Charleston 0 - Kingston Township 0
BOTTOM OF THE 1ST
Kingston Township Knights batting - Pitching for Charleston Battery : RHP Miguel Angel Martínez
Pitching: RHP Miguel Angel Martínez
Batting: RHB Alfredo Cardenas 0-0: Called Strike
0-1: Ball
1-1: Foul Ball, location: 2F
1-2: Ball
2-2: Ball
3-2: Foul Ball, location: 2F
3-2: Strikes out swinging
Batting: RHB Júlio Rodríguez 0-0: Ball
1-0: Ball
2-0: Swinging Strike
2-1: Ball
3-1: Base on Balls
Batting: RHB Ron Bernard 0-0: Ball
Pickoff Throw to First - Out!
1-0: Called Strike
1-1: Ball
2-1: Ball
3-1: Foul Ball, location: 2F
3-2: Base on Balls
Batting: LHB Ed Mellor 0-0: Ball
1-0: Fly out, F7 (Flyball, 78D)
Bottom of the 1st over - 0 runs, 0 hits, 0 errors, 1 left on base; Charleston 0 - Kingston Township 0
TOP OF THE 2ND
Charleston Battery batting - Pitching for Kingston Township Knights : RHP Manny Castro
Batting: LHB Spencer Powell 0-0: Called Strike
0-1: Ball
1-1: Ball
2-1: Fly out, F8 (Flyball, 8LS)
Batting: RHB Paco Muńóz 0-0: Foul Ball, location: 2F
0-1: Swinging Strike
0-2: Ball
1-2: Foul Ball, location: 2F
1-2: Ball
2-2: Foul Ball, location: 2F
2-2: Foul Ball, location: 2F
2-2: Ball
3-2: Fly out, F3 (Popup, 3SF)
Batting: LHB Vicente Gonzáles 0-0: Called Strike
0-1: Ball
1-1: Fly out, F4 (Popup, 34S)
Top of the 2nd over - 0 runs, 0 hits, 0 errors, 0 left on base; Charleston 0 - Kingston Township 0
BOTTOM OF THE 2ND
Kingston Township Knights batting - Pitching for Charleston Battery : RHP Miguel Angel Martínez
Batting: RHB EP Weston 0-0: Swinging Strike
0-1: Fly out, F7 (Flyball, 7LMF)
Batting: LHB Gustavo Cortéz 0-0: Ball
1-0: Ball
2-0: Ball
3-0: Base on Balls
Batting: RHB Júlio Robles 0-0: Fly out, F8 (Flyball, 89D)
Batting: RHB Alejandro Serrato 0-0: Ball
1-0: Foul Ball, location: 2F
1-1: Ball
2-1: DOUBLE (Line Drive, 3D)
Gustavo Cortéz to third
Batting: RHB Pancho Rodríguez 0-0: Called Strike
0-1: Foul Ball, location: 2F
0-2: Strikes out looking
Bottom of the 2nd over - 0 runs, 1 hit, 0 errors, 2 left on base; Charleston 0 - Kingston Township 0
TOP OF THE 3RD
Charleston Battery batting - Pitching for Kingston Township Knights : RHP Manny Castro
Batting: RHB Luis Ríos 0-0: Fly out, F8 (Flyball, 8LD)
Batting: RHB Fernando Rivera 0-0: Ball
1-0: Ball
2-0: Ball
3-0: Called Strike
3-1: Fly out, F7 (Flyball, 7LMF)
Batting: RHB Jesús Ruano 0-0: Ball
1-0: Foul Ball, location: 2F
1-1: Foul Ball, location: 2F
1-2: SINGLE (Line Drive, 6MD)
Batting: LHB Joey Coco 0-0: Ball
1-0: Ball
Wild Pitch!
Jesús Ruano to second
2-0: Foul Ball, location: 2F
2-1: Ball
3-1: Swinging Strike
3-2: Base on Balls
Batting: LHB Datu Lesaca 0-0: Called Strike
0-1: Swinging Strike
0-2: Foul Ball, location: 2F
0-2: Fly out, F3 (Popup, 34)
Top of the 3rd over - 0 runs, 1 hit, 0 errors, 2 left on base; Charleston 0 - Kingston Township 0
BOTTOM OF THE 3RD
Kingston Township Knights batting - Pitching for Charleston Battery : RHP Miguel Angel Martínez
Batting: RHB Alfredo Cardenas 0-0: Called Strike
0-1: Ball
1-1: Fly out, F7 (Flyball, 78S)
Batting: RHB Júlio Rodríguez 0-0: Ball
1-0: Ground out 1-3 (Groundball, P)
Batting: RHB Ron Bernard 0-0: Ground out U3 (Groundball, 3S)
Bottom of the 3rd over - 0 runs, 0 hits, 0 errors, 0 left on base; Charleston 0 - Kingston Township 0
TOP OF THE 4TH
Charleston Battery batting - Pitching for Kingston Township Knights : RHP Manny Castro
Batting: SHB Jasper Morrison 0-0: Called Strike
0-1: Swinging Strike
0-2: Foul Ball, location: 2F
0-2: Ball
1-2: Ground out 4-3 (Groundball, 4)
Batting: LHB Spencer Powell 0-0: Ball
1-0: Foul Ball, location: 2F
1-1: Ball
2-1: Ground out 4-3 (Groundball, 4)
Batting: RHB Paco Muńóz 0-0: Ball
1-0: Foul Ball, location: 2F
1-1: Ball
2-1: Swinging Strike
2-2: Strikes out looking
Top of the 4th over - 0 runs, 0 hits, 0 errors, 0 left on base; Charleston 0 - Kingston Township 0
BOTTOM OF THE 4TH
Kingston Township Knights batting - Pitching for Charleston Battery : RHP Miguel Angel Martínez
Batting: LHB Ed Mellor 0-0: Called Strike
0-1: Ball
1-1: Fly out, F9 (Flyball, 89M)
Batting: RHB EP Weston 0-0: Called Strike
0-1: Ball
1-1: Foul Ball, location: 2F
1-2: Strikes out swinging
Batting: LHB Gustavo Cortéz 0-0: Ball
1-0: SINGLE (Flyball, 89S)
Batting: RHB Júlio Robles 0-0: Ground out 6-3 (Groundball, 6MS)
Bottom of the 4th over - 0 runs, 1 hit, 0 errors, 1 left on base; Charleston 0 - Kingston Township 0
TOP OF THE 5TH
Charleston Battery batting - Pitching for Kingston Township Knights : RHP Manny Castro
Batting: LHB Vicente Gonzáles 0-0: Ball
1-0: Foul Ball, location: 2F
1-1: Fly out, F9 (Line Drive, 9D)
Batting: RHB Luis Ríos 0-0: Ball
1-0: Called Strike
1-1: Ball
2-1: Ball
3-1: Foul Ball, location: 2F
3-2: Ground out U3 (Groundball, 3)
Batting: RHB Fernando Rivera 0-0: Swinging Strike
0-1: Swinging Strike
0-2: Ball
1-2: Strikes out swinging
Top of the 5th over - 0 runs, 0 hits, 0 errors, 0 left on base; Charleston 0 - Kingston Township 0
BOTTOM OF THE 5TH
Kingston Township Knights batting - Pitching for Charleston Battery : RHP Miguel Angel Martínez
Batting: RHB Alejandro Serrato 0-0: Ball
1-0: Ball
2-0: Ball
3-0: Base on Balls
Batting: RHB Pancho Rodríguez 0-0: Ball
1-0: Sac Bunt - play at first, batter OUT! 3-4
Alejandro Serrato to second
Batting: RHB Alfredo Cardenas 0-0: Called Strike
0-1: Ball
1-1: Ball
2-1: Swinging Strike
2-2: Foul Ball, location: 2F
2-2: Fly out, F8 (Flyball, 8LD)
Batting: RHB Júlio Rodríguez 0-0: Foul Ball, location: 2F
0-1: Ball
1-1: Ball
2-1: Ball
3-1: Base on Balls
Batting: RHB Ron Bernard 0-0: Ball
1-0: Called Strike
1-1: Ball
2-1: SINGLE (Line Drive, 6MD)
Alejandro Serrato to third
Júlio Rodríguez to second
Runner from 3rd tries for Home, SAFE, no throw
Batting: LHB Ed Mellor 0-0: Called Strike
0-1: Swinging Strike
0-2: SINGLE (Groundball, 6MD)
Júlio Rodríguez to third
Ron Bernard to second
Runner from 3rd tries for Home, SAFE, no throw
Batting: RHB EP Weston 0-0: Foul Ball, location: 2F
0-1: DOUBLE (Line Drive, 78D)
Ron Bernard scores
Ed Mellor to third
Pinch Runner at 2nd Ruben Yim:
Batting: LHB Gustavo Cortéz 0-0: Called Strike
0-1: Foul Ball, location: 2F
0-2: Fly out, F8 (Flyball, 78D)
Bottom of the 5th over - 3 runs, 3 hits, 0 errors, 2 left on base; Charleston 0 - Kingston Township 3
TOP OF THE 6TH
Charleston Battery batting - Pitching for Kingston Township Knights : RHP Manny Castro
Batting: RHB Jesús Ruano 0-0: Ground out 5-3 (Groundball, 56)
Batting: LHB Joey Coco 0-0: Ball
1-0: Fly out, F9 (Line Drive, 9S)
Batting: LHB Datu Lesaca 0-0: Called Strike
0-1: Ball
1-1: Foul Ball, location: 2F
1-2: Ball
2-2: Foul Ball, location: 2F
2-2: Fly out, F9 (Flyball, 9S)
Top of the 6th over - 0 runs, 0 hits, 0 errors, 0 left on base; Charleston 0 - Kingston Township 3
BOTTOM OF THE 6TH
Kingston Township Knights batting - Pitching for Charleston Battery : RHP Miguel Angel Martínez
Batting: RHB Júlio Robles 0-0: Called Strike
0-1: Ground out 1-3 (Groundball, 13)
Batting: RHB Alejandro Serrato 0-0: Called Strike
0-1: Ball
1-1: SINGLE (Line Drive, 34D)
Batting: RHB Pancho Rodríguez 0-0: Ball
1-0: Ball
2-0: Ball
3-0: Called Strike
3-1: Fielders Choice at 2nd, 5-4 (Groundball, 56)
Batting: RHB Alfredo Cardenas 0-0: Ball
1-0: Foul Ball, location: 2F
1-1: Swinging Strike
1-2: Foul Ball, location: 2F
1-2: Strikes out swinging
Bottom of the 6th over - 0 runs, 1 hit, 0 errors, 1 left on base; Charleston 0 - Kingston Township 3
TOP OF THE 7TH
Charleston Battery batting - Pitching for Kingston Township Knights : RHP Manny Castro
Batting: SHB Jasper Morrison 0-0: Called Strike
0-1: Swinging Strike
0-2: Foul Ball, location: 2F
0-2: DOUBLE (Line Drive, 9LD)
Batting: LHB Spencer Powell 0-0: SINGLE (Flyball, 34D)
Jasper Morrison to third
Runner from 3rd tries for Home, throw and OUT!
Spencer Powell to second
Batting: RHB Paco Muńóz 0-0: Ball
1-0: Ball
2-0: Called Strike
2-1: Foul Ball, location: 2F
2-2: Ball
3-2: Fly out, F7 (Line Drive, 78D)
Batting: LHB Vicente Gonzáles 0-0: Ball
1-0: Called Strike
1-1: Ball
2-1: Called Strike
2-2: Ball
3-2: Fly out, F6 (Popup, P)
Top of the 7th over - 0 runs, 2 hits, 0 errors, 1 left on base; Charleston 0 - Kingston Township 3
BOTTOM OF THE 7TH
Kingston Township Knights batting - Pitching for Charleston Battery : RHP Miguel Angel Martínez
Batting: RHB Júlio Rodríguez 0-0: Called Strike
0-1: Ball
1-1: Fly out, F9 (Flyball, 9S)
Pitching: LHP Paco Salazar
Batting: RHB Ron Bernard 0-0: Ball
1-0: Called Strike
1-1: Called Strike
1-2: Ball
2-2: Ground out 6-3 (Groundball, 6)
Batting: LHB Ed Mellor 0-0: Called Strike
0-1: Ball
1-1: Swinging Strike
1-2: Strikes out swinging
Bottom of the 7th over - 0 runs, 0 hits, 0 errors, 0 left on base; Charleston 0 - Kingston Township 3
TOP OF THE 8TH
Charleston Battery batting - Pitching for Kingston Township Knights : RHP Manny Castro
Pitching: RHP Anthony Ledesma
Batting: RHB Luis Ríos 0-0: Ball
1-0: Reached via error on a dropped throw, E1
Batting: RHB Fernando Rivera 0-0: Ball
1-0: Swinging Strike
1-1: Called Strike
1-2: Strikes out swinging
Batting: RHB Jesús Ruano 0-0: Ball
1-0: Ball
2-0: Grounds into double play, 6-4-3 (Groundball, 6)
Top of the 8th over - 0 runs, 0 hits, 1 error, 0 left on base; Charleston 0 - Kingston Township 3
BOTTOM OF THE 8TH
Kingston Township Knights batting - Pitching for Charleston Battery : LHP Paco Salazar
Batting: LHB Ruben Yim 0-0: Ball
1-0: Called Strike
1-1: Swinging Strike
1-2: Strikes out swinging
Batting: LHB Gustavo Cortéz 0-0: Called Strike
0-1: Ball
1-1: Called Strike
1-2: Fly out, F5 (Line Drive, 56)
Batting: RHB Júlio Robles 0-0: Swinging Strike
0-1: Ball
1-1: Ball
2-1: Called Strike
2-2: SINGLE (Line Drive, 89S)
Batting: RHB Alejandro Serrato 0-0: Called Strike
Júlio Robles is caught stealing 2nd base
Bottom of the 8th over - 0 runs, 1 hit, 0 errors, 0 left on base; Charleston 0 - Kingston Township 3
TOP OF THE 9TH
Charleston Battery batting - Pitching for Kingston Township Knights : RHP Anthony Ledesma
Pitching: RHP John Riggleman
Batting: LHB Joey Coco 0-0: Ground out 4-3 (Groundball, 4)
Batting: LHB Datu Lesaca 0-0: Called Strike
0-1: Ball
1-1: Foul Ball, location: 2F
1-2: Fly out, F7 (Flyball, 7)
Batting: SHB Jasper Morrison 0-0: Ground out 4-3 (Groundball, 4)
Top of the 9th over - 0 runs, 0 hits, 0 errors, 0 left on base; Charleston 0 - Kingston Township 3
Friday, March 29th, 2019 - OOTP Baseball 18.8 Build 76